 Dungeon Sprint DCSS version 0.19.4-8-ga85b6b9 (webtiles) character file.

1600000 protoss039 the Unseen (level 12, -12/66 HPs)
             Began as an Octopode Enchanter on Feb 13, 2017.
             Was an Initiate of Makhleb.
             Mangled by a meat berserker
             ... wielding a +9 battleaxe
              (15 damage)
             ... in the Dungeon (Sprint VIII: "Arena of Blood").
             The game lasted 00:01:01 (16 turns).

protoss039 the Unseen (Octopode Enchanter)            Turns: 16, Time: 00:01:02

Health: -12/66     AC:  1    Str: 13    XL:     12   Next: 2%
Magic:  0/27       EV: 17    Int: 17    God:    Makhleb [......]
Gold:   0          SH:  0    Dex: 12    Spells: 1 memorised, 32 levels left

rFire  . . .     SeeInvis .     j - +∞ Axe of Woe
rCold  . . .     Gourm    .     (shield currently unavailable)
rNeg   . . .     Faith    .     (helmet restricted)
rPois  .         Spirit   .     (no amulet)
rElec  .         Reflect  .     (no ring)
rCorr  .         Harm     .     (no ring)
MR     .....     NoTele   +     (no ring)
Stlth  ++++++++..               (no ring)
                                (no ring)
                                (no ring)
                                (no ring)
                                (no ring)

@: no status effects
A: almost no armour, stealthy swim, amphibious, 8 rings, constrict 8, camouflage
1, gelatinous body 1
a: Renounce Religion


You were in the Dungeon.
You worshipped Makhleb.
Makhleb was noncommittal.
You were not hungry.

You visited 1 branch

Inventory:

Hand Weapons
 a - a +1 dagger
 j - the +∞ Axe of Woe (weapon)
   (You found it in the Dungeon)
Scrolls
 i - a scroll of blinking
Potions
 d - a potion of curing
 e - a potion of heal wounds
 f - a potion of haste
 g - 2 potions of magic
 h - a potion of berserk rage
Books
 b - a book of Maledictions

   Spells                             Type                      Level
   a - Corona                         Hexes                        1
   b - Ensorcelled Hibernation        Hexes/Ice                    2
   c - Confuse                        Hexes                        3
   d - Tukima's Dance                 Hexes                        3
   e - Dazzling Spray                 Conjuration/Hexes            3
Comestibles
 c - a bread ration


   Skills:
 + Level 1.0 Short Blades
 + Level 5.0 Axes
 + Level 8.4 Dodging
 + Level 18.8 Stealth
 + Level 11.0 Spellcasting
 + Level 16.5 Hexes
 * Level 14.1 Invocations


You had 32 spell levels left.
You knew the following spells:

 Your Spells              Type           Power        Failure   Level  Hunger
a - Corona                Hex            ######.      0%          1    None


Dungeon Overview and Level Annotations

Branches:
Dungeon (1/1)

Altars:
Makhleb


Innate Abilities, Weirdness & Mutations

You cannot wear most types of armour.
You are very stealthy in the water. (Stealth+)
You are amphibious.
You can wear up to eight rings at the same time.
You can use your tentacles to constrict eight enemies at once.
Your skin changes colour to match your surroundings (Stealth+).
Your rubbery body absorbs attacks. (AC +1, EV +1)


Message History

You have reached level 8!
You have reached level 9!
Your experience leads to an increase in your attributes!
Increase (S)trength, (I)ntelligence, or (D)exterity?
You feel stronger.
You have reached level 10!
You feel stronger.
You have reached level 11!
You have reached level 12!
Your experience leads to an increase in your attributes!
Increase (S)trength, (I)ntelligence, or (D)exterity?
You feel stronger.
You hear a shout! x8
The meat berserker hits you with a +9 battleaxe!!!
Ouch! That really hurt!
* * * LOW HITPOINT WARNING * * *
You hear a shout! x7
The meat berserker rages.
The meat berserker hits you with a +9 battleaxe!
You die...

.. ..... #.
...# #.. ...# .
.###.. ...###..
......###......
......_..o..
#..O.O# #_.<.@#
#....o#
......_.o...
......###.oo...
.###.. ...###..
#.. ...# . #.
...# .. .....


You could see 2 meat berserkers and 5 bags of meat.

Vanquished Creatures
  An orc (D)
1 creature vanquished.

Notes
Turn   | Place    | Note
-------+----------+-------------------------------------------
     0 | D        | protoss039 the Octopode Enchanter began the quest for the Orb.
     0 | D        | Reached XP level 1. HP: 11/11 MP: 3/3
     3 | D        | Became a worshipper of Makhleb the Destroyer
    10 | D        | Noticed a bag of meat
    11 | D        | Noticed a bag of meat
    12 | D        | Noticed a bag of meat
    13 | D        | Noticed a bag of meat
    13 | D        | Noticed a bag of meat
    15 | D        | Noticed a meat berserker
    16 | D        | Noticed a meat berserker
    16 | D        | Killed a bag of meat
    16 | D        | Reached skill level 5 in Axes
    16 | D        | Reached skill level 18 in Stealth
    16 | D        | Reached XP level 2. HP: 17/17 MP: 0/14
    16 | D        | Reached XP level 3. HP: 21/21 MP: 0/15
    16 | D        | Reached XP level 4. HP: 27/27 MP: 0/17
    16 | D        | Reached XP level 5. HP: 31/31 MP: 0/18
    16 | D        | Reached XP level 6. HP: 36/36 MP: 0/20
    16 | D        | Reached XP level 7. HP: 41/41 MP: 0/21
    16 | D        | Reached XP level 8. HP: 46/46 MP: 0/23
    16 | D        | Reached XP level 9. HP: 51/51 MP: 0/24
    16 | D        | Reached XP level 10. HP: 56/56 MP: 0/25
    16 | D        | Reached XP level 11. HP: 61/61 MP: 0/26
    16 | D        | Reached XP level 12. HP: 66/66 MP: 0/27
    16 | D        | HP: 3/66 [meat berserker/+9 battleaxe (63)]
    16 | D        | Mangled by a meat berserker

Skill      XL: |  1 |
---------------+----+-----
Axes           | 5 |  5.0
Dodging        | 8 |  8.4
Stealth        | 18 | 18.8
Spellcasting   | 11 | 11.0
Hexes          | 16 | 16.5
Invocations    | 14 | 14.1
Short Blades   | |  1.0

Action                   |  1- 3 |  4- 6 |  7- 9 | 10-12 || total
-------------------------+-------+-------+-------+-------++-------
Melee: Executioner's axe |     1 |       |       |       ||     1
 Cast: Corona            |     3 |       |       |       ||     3
